 Dungeon Crawl Stone Soup version 0.21-a0-633-g4c047d5 (webtiles) character file.

2943 Alarkh the Cleaver (level 9, -2/63 HPs)
             Began as a Demonspawn Berserker on Dec 28, 2017.
             Was an Elder of Trog.
             Slain by a porcupine (9 damage)
             ... on level 8 of the Dungeon.
             The game lasted 00:10:07 (6863 turns).

Alarkh the Cleaver (Demonspawn Berserker)           Turns: 6863, Time: 00:10:08

Health: -2/63      AC:  8    Str: 19    XL:     9   Next: 51%
Magic:  9/9        EV: 17    Int: 11    God:    Trog [****..]
Gold:   177        SH:  0    Dex: 17    Spells: 8/8 levels left

rFire    . . .     SeeInvis .   b - +0 battleaxe
rCold    . . .     Gourm    .   (shield currently unavailable)
rNeg     . . .     Faith    .   x - +1 robe of Fun and Games {+Fly Slay+3} (curse)
rPois    .         Spirit   .   (helmet restricted)
rElec    .         Reflect  .   n - +0 cloak
rCorr    .         Harm     .   o - +0 pair of gloves (curse)
MR       +....                  r - +0 pair of boots
Stlth    +++.......             F - amulet of regeneration
HPRegen  0.60/turn              p - ring of protection from magic
MPRegen  0.11/turn              (no ring)

@: agile, berserk cooldown, hasted and slowed
A: antennae 1, icy blue scales 1, powered by death 2, powered by pain 1
a: Berserk, Trog's Hand, Brothers in Arms, Burn Spellbooks, Renounce Religion,
Evoke Flight


You were on level 8 of the Dungeon.
You worshipped Trog.
Trog was greatly pleased with you.
You were not hungry.

You visited 2 branches of the dungeon, and saw 9 of its levels.

You collected 443 gold pieces.
You spent 266 gold pieces at shops.

Inventory:

Hand Weapons
 a - a +0 hand axe
 b - a +0 battleaxe (weapon)
Armour
 n - a +0 cloak (worn)
 o - a cursed +0 pair of gloves (worn)
 r - a +0 pair of boots (worn)
 x - the cursed +1 robe of Fun and Games (worn) {+Fly Slay+3}
   (You found it on level 5 of the Dungeon)

   It affects your accuracy and damage with ranged weapons and melee attacks
   (+3).
   It lets you fly.
   It has a curse placed upon it.
 y - a +0 animal skin
Magical Staves
 m - an uncursed staff of conjuration
Jewellery
 p - a ring of protection from magic (left hand)
 F - an amulet of regeneration (around neck)
Wands
 u - a wand of random effects (26)
 E - a wand of flame (38)
Scrolls
 e - a scroll of identify
 g - 3 scrolls of magic mapping
 h - 6 scrolls of remove curse
 j - a scroll of amnesia {unknown}
 k - 4 scrolls of teleportation
 s - a scroll of fear
 t - a scroll of enchant armour
 w - a scroll of random uselessness {unknown}
 B - 2 scrolls of immolation {unknown}
 C - a scroll of brand weapon {unknown}
Potions
 d - a potion of flight
 f - a potion of lignification
 i - 3 potions of cancellation
 l - 2 potions of agility
 q - 2 potions of curing
 v - 3 potions of brilliance
 z - a potion of magic
 A - a potion of might
Comestibles
 c - 11 rations
 D - 5 chunks of flesh


   Skills:
 - Level 3.0 Fighting
 + Level 12.2 Axes
 - Level 1.7 Armour
 - Level 1.7 Dodging


You had 8 spell levels left.
You didn't know any spells.

Dungeon Overview and Level Annotations

Branches:
Dungeon (9/15)             Temple (1/1) D:5
   Lair: D:8-11         Orc: D:9-12

Altars:
Ashenzari
Cheibriados
Dithmenos
Elyvilon
Fedhas
Gozag
Hepliaklqana
Kikubaaqudgha
Makhleb
Nemelex Xobeh
Okawaru
Qazlal
Ru
Sif Muna
Trog
Uskayaw
Vehumet
Wu Jian
Xom
Yredelemnul
Zin
The Shining One

Shops:
D:4 ?(   D:5 *


Innate Abilities, Weirdness & Mutations

You have a pair of small antennae on your head.
You are partially covered in icy blue scales. (AC +2)
You regenerate health from kills.
You sometimes gain a little power by taking damage.


Message History

The porcupine twitches its whiskers.
The porcupine completely misses you.
You are struck by the porcupine's spines.
You slash the porcupine!
The porcupine is heavily wounded.
The porcupine barely misses you. The porcupine bites you!
You are too injured to fight recklessly!
You are too injured to fight recklessly!
You are too injured to fight recklessly!
You are too injured to fight recklessly!
You are too injured to fight recklessly!
You barely miss the porcupine.
The porcupine is heavily wounded.
The porcupine bites you! x2
* * * LOW HITPOINT WARNING * * *
It was a potion of haste.
You feel yourself speed up. The porcupine bites you!
* * * LOW HITPOINT WARNING * * *
The porcupine bites you but does no damage.
The porcupine bites you!
You die...

# . .# #.#
#########..
.........# #@#
#r# ##.#### .
#.....#..
###......#.
#..........#
#.#.....#### #
#.#.....##
#.###.#.#....##


You could see a porcupine.

Vanquished Creatures
  A two-headed ogre (D:8)
  Prince Ribbit (D:5)
  A wyvern (D:8)
  Eustachio (D:4)
  Edmund (D:4)
  A porcupine (D:8)
  A water moccasin (D:5)
  An orc warrior (D:8)
  2 phantoms
  An ogre (D:5)
  A crocodile (D:8)
  A wyvern skeleton (D:8)
  A scorpion (D:8)
  The ghost of Dustman the Conjurer, a weakling BaCj (D:3)
  4 howler monkeys
  A crimson imp (D:5)
  4 jellies
  2 hounds
  2 bullfrog skeletons
  An orc priest (D:8)
  Crazy Yiuf (D:3)
  An iguana (D:2)
  4 orc wizards
  5 worker ants
  A gnoll (D:1)
  7 adders
  A shadow imp (D:8)
  An ooze (D:2)
  An adder skeleton (D:5)
  2 dart slugs (D:1)
  21 orcs
  11 bats
  4 giant cockroaches
  7 goblins
  8 hobgoblins
  10 jackals
  3 quokkas
  4 ball pythons
  6 frilled lizards
  A jackal skeleton (D:4)
  4 kobolds
  A leopard gecko skeleton (D:5)
  A quokka skeleton (D:4)
  9 rats
143 creatures vanquished.

Vanquished Creatures (others)
  A bush (D:8)
  3 fungi (D:8)
  13 plants (D:8)
17 creatures vanquished.

Grand Total: 160 creatures vanquished

Notes
Turn   | Place    | Note
-------+----------+-------------------------------------------
     0 | D:1      | Alarkh the Demonspawn Berserker began the quest for the Orb.
     0 | D:1      | Reached XP level 1. HP: 18/18 MP: 1/1
    95 | D:1      | Reached skill level 3 in Axes
    95 | D:1      | Gained mutation: You regenerate a little health from kills. [demonic ancestry]
    95 | D:1      | Reached XP level 2. HP: 13/24 MP: 2/2
   452 | D:1      | Gained mutation: You regenerate health from kills. [demonic ancestry]
   452 | D:1      | Reached XP level 3. HP: 28/29 MP: 3/3
   980 | D:2      | Reached skill level 4 in Axes
  1029 | D:2      | Gained mutation: You have a pair of small antennae on your head. [demonic ancestry]
  1029 | D:2      | Reached XP level 4. HP: 35/35 MP: 4/4
  1093 | D:2      | Found a sacrificial altar of Ru.
  1111 | D:2      | Found a radiant altar of Vehumet.
  1222 | D:2      | Reached ** piety under Trog
  1720 | D:2      | Reached skill level 5 in Axes
  2173 | D:3      | Found a faded altar of an unknown god.
  2215 | D:3      | Noticed Dustman's ghost (weakling BaCj)
  2227 | D:3      | Killed Dustman's ghost
  2227 | D:3      | Reached XP level 5. HP: 41/41 MP: 5/5
  2488 | D:3      | Found a burning altar of Makhleb.
  2669 | D:3      | Found a runed door.
  2778 | D:3      | Noticed Crazy Yiuf
  2784 | D:3      | Killed Crazy Yiuf
  2784 | D:3      | Reached skill level 6 in Axes
  2945 | D:4      | Gained mutation: You are partially covered in icy blue scales. (AC +2) [demonic ancestry]
  2945 | D:4      | Reached XP level 6. HP: 17/47 MP: 6/6
  3371 | D:4      | Noticed Eustachio
  3373 | D:4      | Found a bloodstained altar of Trog.
  3373 | D:4      | Found a sparkling altar of Nemelex Xobeh.
  3384 | D:4      | Killed Eustachio
  3384 | D:4      | Reached skill level 7 in Axes
  3386 | D:4      | Found an ancient bone altar of Kikubaaqudgha.
  3514 | D:4      | Found Mehumak's Magic Scroll Boutique.
  3521 | D:4      | Bought a scroll of magic mapping for 35 gold pieces
  3521 | D:4      | Bought a scroll of fear for 35 gold pieces
  3521 | D:4      | Bought a scroll of teleportation for 30 gold pieces
  3521 | D:4      | Bought a scroll of enchant armour for 75 gold pieces
  3627 | D:4      | Found Osee's Weapon Emporium.
  4093 | D:5      | Entered Level 5 of the Dungeon
  4099 | D:5      | Reached *** piety under Trog
  4099 | D:5      | Reached XP level 7. HP: 52/52 MP: 7/7
  4113 | D:5      | Noticed Edmund
  4170 | D:4      | Killed Edmund
  4170 | D:4      | Reached skill level 8 in Axes
  4604 | D:5      | Found a staircase to the Ecumenical Temple.
  4639 | D:5      | Found an opulent altar of Gozag.
  4645 | D:5      | Noticed Prince Ribbit
  4666 | D:5      | Found Gozag's Platinum Reserve.
  4671 | D:5      | Killed Prince Ribbit
  4671 | D:5      | Reached skill level 9 in Axes
  4671 | D:5      | Reached XP level 8. HP: 58/58 MP: 8/8
  4699 | Temple   | Entered the Ecumenical Temple
  5372 | D:5      | Got a faintly glowing robe
  5383 | D:5      | Identified the cursed +1 robe of Fun and Games {+Fly Slay+3} (You found it on level 5 of the Dungeon)
  5404 | D:5      | Found a deep blue altar of Sif Muna.
  5571 | D:5      | Found a glowing golden altar of the Shining One.
  5754 | D:4      | Bought a +0 battleaxe for 91 gold pieces
  5894 | D:5      | Reached skill level 10 in Axes
  6178 | D:6      | Found a hide-covered altar of Uskayaw.
  6221 | D:6      | Found a shimmering altar of Xom.
  6304 | D:6      | You fall through a shaft for 3 floors!
  6611 | D:8      | Reached **** piety under Trog
  6611 | D:8      | Reached skill level 11 in Axes
  6611 | D:8      | Gained mutation: You sometimes gain a little power by taking damage. [demonic ancestry]
  6611 | D:8      | Reached XP level 9. HP: 49/63 MP: 9/9
  6822 | D:8      | Noticed a two-headed ogre
  6848 | D:8      | Killed a two-headed ogre
  6848 | D:8      | Reached skill level 12 in Axes
  6863 | D:8      | Slain by a porcupine

Vault maps used:
D:1:      nagdon_arrival_double_spiral
D:2:      chequers_temple_overflow_statue_of_worship
D:3:      makhleb_blood_cavern_becter, chequers_ecumenical_altar_island,
          minmay_strange_pillars, uniq_crazy_yiuf_cottage
D:4:      grunt_temple_overflow_open, first_ration, serial_shops, shop_statue,
          shop, uniq_eustachio
D:5:      nicolae_overflow_hidden_temple, tso_altar,
          nicolae_gozag_zags_fifth_avenue, minmay_temple_entry_glass,
          uniq_prince_ribbit1, uniq_edmund
D:6:      eat_drink_and_be_merry_uskayaw, xom_teletrap_fun
D:8:      minmay_lair_entry_grove, basic_altar
Temple:   bh_familiar_temple

Skill      XL: |  1  2  3  4  5  6  7  8  9 |
---------------+----------------------------+-----
Axes           | 3 4 5 6 7 9 11 12 | 12.2
Fighting       | |  3.0
Armour         | |  1.7
Dodging        | |  1.7

Action                   |  1- 3 |  4- 6 |  7- 9 || total
-------------------------+-------+-------+-------++-------
Melee: Hand axe          |    68 |   271 |   134 ||   473
       Battleaxe         |       |       |    97 ||    97
Invok: Berserk           |     2 |     6 |     6 ||    14
Evoke: Wand              |       |       |     2 ||     2
  Use: Scroll            |       |     5 |     4 ||     9
       Potion            |       |       |     1 ||     1
 Stab: Sleeping          |     1 |       |     1 ||     2
  Eat: Chunk             |     1 |    15 |     9 ||    25
       Ration            |       |       |     2 ||     2
Armor: Animal skin       |    23 |    63 |    19 ||   105
       Robe              |       |       |    22 ||    22
Dodge: Dodged            |    44 |   159 |   111 ||   314

Table legend:
 A = Spawn XP
 B = Non-spawn XP
 C = Spawn XP percentage of total XP
 D = Spawn monster count
 E = Non-spawn monster count
 F = Spawn count percentage of total count
 G = Total turns spent on level
                    A         B        C        D         E        F      G
               +---------+---------+-------+---------+---------+-------+---------
         Total |       0 |    4205 |   0.0 |       0 |     143 |   0.0 |  6863
               +---------+---------+-------+---------+---------+-------+---------
           D:1 |       0 |      50 |   0.0 |       0 |      20 |   0.0 |   963
           D:2 |       0 |     114 |   0.0 |       0 |      26 |   0.0 |   980
           D:3 |       0 |     186 |   0.0 |       0 |      24 |   0.0 |  1081
           D:4 |       0 |     539 |   0.0 |       0 |      17 |   0.0 |  1231
           D:5 |       0 |    1126 |   0.0 |       0 |      29 |   0.0 |  1521
           D:6 |       0 |       5 |   0.0 |       0 |       2 |   0.0 |   344
           D:8 |       0 |    2100 |   0.0 |       0 |      23 |   0.0 |   489
           D:9 |       0 |      85 |   0.0 |       0 |       2 |   0.0 |    70
               +---------+---------+-------+---------+---------+-------+---------
